 Dungeon Crawl Stone Soup version 0.23.2-1-ga50397a (webtiles) character file.

Game seed: 16454191308667830913

231 forest the Covert (level 5, -1/26 HPs)
             Began as a Spriggan Assassin on June 1, 2019.
             Killed from afar by an orc wizard (10 damage)
             ... with a magic dart
             ... on level 2 of the Dungeon.
             The game lasted 00:07:48 (2729 turns).

forest the Covert (Spriggan Assassin)               Turns: 2729, Time: 00:07:49

Health: -1/26      AC:  3    Str:  8 (10) XL:     5   Next: 73%
Magic:  6/6        EV: 18    Int: 13      God:
Gold:   124        SH:  0    Dex: 16 (19) Spells: 4/4 levels left

rFire    . . .     SeeInvis +   b - +0 blowgun
rCold    . . .     Gourm    .   (shield restricted)
rNeg     + . .     Faith    .   c - +0 robe
rPois    +         Spirit   .   (helmet restricted)
rElec    .         Reflect  .   d - +0 cloak
rCorr    .         Harm     .   (gloves unavailable)
MR       .....                  (boots unavailable)
Stlth    ++++......             (no amulet)
HPRegen  0.08/turn              j - ring of positive energy
MPRegen  0.10/turn              q - ring of poison resistance

@: slowed, quick
A: very small, unfitting armour, antennae 1, see invisible, agile 1, herbivore,
speed 3, slow metabolism 2, strong 1
a: no special abilities


You were on level 2 of the Dungeon.
You were not hungry.

You visited 1 branch of the dungeon, and saw 3 of its levels.

You collected 124 gold pieces.

Inventory:

Hand Weapons
 a - a +2 dagger
 b - a +0 blowgun (weapon)
Missiles
 e - 10 poisoned needles (quivered)
 f - 2 curare-tipped needles
 h - 86 stones
 n - 16 sling bullets
Armour
 c - a +0 robe (worn)
 d - a +0 cloak (worn)
Jewellery
 j - a ring of positive energy (left hand)
 q - a ring of poison resistance (right hand)
Scrolls
 k - 4 scrolls of identify
 o - 3 scrolls of teleportation
Potions
 i - a potion of magic
 m - 2 potions of curing
Comestibles
 g - 9 rations


   Skills:
 + Level 2.0 Fighting
 + Level 3.8 Short Blades
 + Level 2.8 Throwing
 + Level 2.7 Dodging
 + Level 8.4 Stealth


You had 4 spell levels left.
You didn't know any spells.
Your spell library was empty.

Dungeon Overview and Level Annotations

Branches:
Dungeon (3/15)

Altars:
Cheibriados


Innate Abilities, Weirdness & Mutations

You are very small and have problems with some larger weapons.
You are too small for most types of armour.
You have supernaturally acute eyesight. (SInv)
You are a herbivore.
You cover ground extremely quickly.
You need to consume almost no food.
You have a pair of small antennae on your head.
You are agile. (Dex +2)
Your muscles are strong. (Str +2)


Message History

The poisoned needle closely misses the orc wizard.
The orc wizard gestures wildly while chanting.
The orc wizard blinks!
The orc wizard casts a spell at you. The magic dart hits you!
Firing (i - inventory. (/) - cycle)
e - 12 poisoned needles (quivered)
Press: ? - help, Shift-Dir - straight line, f/p - orc wizard
Aim: an orc wizard, wielding a +0 dagger and wearing a +0 robe (severely wounded)
You shoot a poisoned needle.
The poisoned needle closely misses the orc wizard.
Firing (i - inventory. (/) - cycle)
e - 11 poisoned needles (quivered)
Press: ? - help, Shift-Dir - straight line, f/p - orc wizard
Aim: an orc wizard, wielding a +0 dagger and wearing a +0 robe (severely wounded)
You shoot a poisoned needle.
The poisoned needle hits the orc wizard.
The orc wizard is poisoned.
The orc wizard is severely wounded.
The orc wizard points at you and mumbles some strange words.
The magic dart hits you!
You die...

#......................
#.#############.#######
#.#.§.........#.#......
####.#.####.####.#.#.####.
#.((.#..o.#.#....#.#†...#.
#.##.####.#(#.####.####.#.
#.##...o..#(#...........#.
#.##.######o#############.
#.##.....@................
#†###.#[####.#....###.####
##.# #...# #.).#.## #.#
#..# ###.######.#.# #.#
#.## #.........÷# #.# #.#
####.#.#.#.# #.# #.#
#..###....# #.# #.#
#.#.#.#.#.# #.# #.#
#.........# #.#


You could see an orc wizard.

Vanquished Creatures
  A crimson imp (D:3)
  An orc priest (D:2)
  An orc wizard (D:2)
  5 adders
  An adder zombie (D:2)
  4 worms
  3 dart slugs (D:2)
  2 leopard geckos
  7 orcs
  3 giant cockroaches
  11 goblins
  10 hobgoblins
  2 quokkas
  7 bats
  2 frilled lizards (D:3)
  5 kobolds
  4 rats
69 creatures vanquished.

Notes
Turn   | Place    | Note
-------+----------+-------------------------------------------
     0 | D:1      | forest the Spriggan Assassin began the quest for the Orb.
     0 | D:1      | Reached XP level 1. HP: 10/10 MP: 2/2
    76 | D:1      | Reached skill level 6 in Stealth
   242 | D:1      | Reached XP level 2. HP: 13/14 MP: 3/3
  1077 | D:2      | Found a snail-covered altar of Cheibriados.
  1235 | D:2      | Reached XP level 3. HP: 18/18 MP: 4/4
  1301 | D:2      | Reached skill level 7 in Stealth
  1680 | D:2      | Reached XP level 4. HP: 23/23 MP: 5/5
  1943 | D:2      | Reached XP level 5. HP: 26/26 MP: 6/6
  2272 | D:3      | Reached skill level 8 in Stealth
  2432 | D:3      | Gained mutation: You have a pair of small antennae on your
                  | head. [potion of mutation]
  2432 | D:3      | Gained mutation: Your muscles are strong. (Str +2) [potion
                  | of mutation]
  2432 | D:3      | Gained mutation: You are agile. (Dex +2) [potion of
                  | mutation]
  2729 | D:2      | Killed from afar by an orc wizard

Skill      XL: |  1  2  3  4  5 |
---------------+----------------+-----
Stealth        | 6 7 8 |  8.4
Short Blades   | 3 |  3.8
Dodging        | 2 |  2.7
Fighting       | 2 |  2.0
Throwing       | |  2.8

Action                   |  1- 3 |  4- 6 || total
-------------------------+-------+-------++-------
Melee: Dagger            |    84 |   142 ||   226
 Fire: Blowgun           |    12 |     9 ||    21
  Use: Scroll            |     2 |     3 ||     5
       Potion            |     1 |     8 ||     9
 Stab: Sleeping          |     9 |    15 ||    24
Armor: Robe              |     6 |    13 ||    19
Dodge: Dodged            |    58 |    96 ||   154
